 Dungeon Crawl Stone Soup version 0.29-a0-823-gc37b1572da (webtiles) character file.

Game seed: 13251949393763976865

35 zeratav the Stinger (level 3, 0/21 HPs)
             Began as an Octopode Venom Mage on July 8, 2022.
             Killed from afar by a white imp (9 damage)
             ... with a puff of frost
             ... summoned by Natasha
             ... on level 2 of the Dungeon.
             The game lasted 00:02:19 (2201 turns).

zeratav the Stinger (Octopode Venom Mage)           Turns: 2201, Time: 00:02:20

Health: 0/21       AC:  1    Str:  7    XL:     3   Next: 33%
Magic:  6/6        EV: 13    Int: 19    God:
Gold:   73         SH:  0    Dex: 12    Spells: 5/6 levels left

rFire   . . .      SeeInvis .   d - +0 hand axe {axe}
rCold   . . .      Faith    .   (no shield)
rNeg    . . .      Spirit   .   (helmet restricted)
rPois   .          Reflect  .   (no amulet)
rElec   .          Harm     .   (no ring)
rCorr   .          Rampage  .   (no ring)
Will    .....                   (no ring)
Stlth   +++.......              (no ring)
HPRegen 0.07/turn               (no ring)
MPRegen 0.10/turn               (no ring)
                                (no ring)
                                (no ring)

@: slowed, very slow
A: almost no armour, amphibious, 8 rings, camouflage 1, gelatinous body 1,
(nimble swimmer 1), tentacles
a: no special abilities


You were on level 2 of the Dungeon.
You visited 1 branch of the dungeon, and saw 2 of its levels.

You collected 73 gold pieces.


Innate Abilities, Weirdness & Mutations

You cannot wear most types of armour.
You are amphibious.
You can wear up to eight rings at the same time.
Your skin changes colour to match your surroundings (Stealth+).
Your rubbery body absorbs attacks. (AC +1, EV +1)
((You are camouflaged when in or above water. (Stealth+)))
You have tentacles for arms and can constrict up to eight enemies at once.


   Skills:
 - Level 2.0 Dodging
 + Level 4.1 Stealth
 - Level 2.0 Spellcasting
 - Level 1.0 Transmutations
 + Level 4.5 Poison Magic


You had 5 spell levels left.
You knew the following spells:

 Your Spells              Type           Power      Damage    Failure   Level
a - Sting                 Tmut/Pois      48%        1d5       5%          1

Your spell library contained the following spells:

 Spells                   Type           Power      Damage    Failure   Level
 Poisonous Vapours        Pois/Air       20%        N/A       10%         2
 Sandblast                Erth           2%         2d4       17%         1
 Passwall                 Tmut/Erth      2%         N/A       21%         2
 Mephitic Cloud           Conj/Pois/Air  7%         N/A       26%         3
 Olgreb's Toxic Radiance  Pois           19%        N/A       26%         4
 Stone Arrow              Conj/Erth      2%         3d7       45%         3
 Summon Forest            Summ/Tloc      0%         N/A       99%         5
 Eringya's Noxious Bog    Tmut/Pois      6%         N/A       100%        6
 Summon Hydra             Summ           0%         N/A       100%        7

Inventory:

Hand Weapons
 d - a +0 hand axe (weapon) {axe}
   (You found it on level 1 of the Dungeon)
 j - a +5 trident of freezing {polearm}
   (You found it on level 2 of the Dungeon)
Scrolls
 b - 3 scrolls of teleportation {unknown}
 c - 2 scrolls of vulnerability {unknown}
 g - a scroll of silence {unknown}
 h - a scroll of noise {unknown}
Potions
 a - a potion of magic
 e - 3 potions of attraction {unknown}
 f - a potion of mutation {unknown}
 i - a potion of curing {unknown}

Dungeon Overview and Level Annotations

Branches:
Dungeon (2/15) Zot: 9779

Altars:

Shops:
D:1 ?(*

Annotations:
D:2 Natasha

.#.. ♣.♣ ...♣ 8#.#
♣?. .♣.♣ .#.#
♣..♣...♣ .#.# #
♣..5.♣ .#># .# ♣.♣
...##.# #h# ......#
#.#
♣...###############.#
................@.5h#
......#####.####.####
♣..#..#####.# #.#
...#).......####.#
##.#..####.........
#.#..)....#.......
#.#..#...###......
#.#....## ##..#.
....#... #..#.#


You could see Natasha and a white imp (summoned).


Message History

You are too injured to fight recklessly!
You are too injured to fight recklessly!
You are too injured to fight recklessly!
You are too injured to fight recklessly!
You are too injured to fight recklessly!
You are too injured to fight recklessly!
You are too injured to fight recklessly!
You are too injured to fight recklessly!
You are too injured to fight recklessly!
You are too injured to fight recklessly!
You are too injured to fight recklessly!
Casting: Sting (safe; 5% risk of failure)
Confirm with . or Enter, or press ? or * to list all spells.
Aiming: Sting (safe; 5% risk of failure)
Press: ? - help, Shift-Dir - straight line, f - frilled lizard
Aim: a frilled lizard (53% to hit)
The sting hits the frilled lizard.
The frilled lizard is poisoned.
You kill the frilled lizard!
You constrict the worm.
MP[-1]
You lost 1 mp, and now have 5/6 mp.
Casting: Sting (safe; 5% risk of failure)
Confirm with . or Enter, or press ? or * to list all spells.
Aiming: Sting (safe; 5% risk of failure)
Press: ? - help, Shift-Dir - straight line, f - worm
Aim: a worm (lightly wounded, constricted by you, 100% to hit)
The sting hits the worm.
The worm is poisoned.
You constrict the worm. The worm bites you but does no damage.
MP[-1]
You lost 1 mp, and now have 4/6 mp.
Casting: Sting (safe; 5% risk of failure)
Confirm with . or Enter, or press ? or * to list all spells.
Aiming: Sting (safe; 5% risk of failure)
Press: ? - help, Shift-Dir - straight line, f/p - worm
Aim: a worm (moderately wounded, constricted by you, poisoned, 100% to hit)
The sting hits the worm.
The worm looks even sicker.
You constrict the worm. The worm bites you.
* * * LOW HITPOINT WARNING * * *
HP[-1] MP[-1]
You take 1 damage, and now have 9/21 hp.
You lost 1 mp, and now have 3/6 mp.
Casting: Sting (safe; 5% risk of failure)
Confirm with . or Enter, or press ? or * to list all spells.
Aiming: Sting (safe; 5% risk of failure)
Press: ? - help, Shift-Dir - straight line, f/p - worm
Aim: a worm (almost dead, constricted by you, very poisoned, 100% to hit)
The sting hits the worm.
The worm looks even sicker.
You constrict the worm.
You kill the worm!
MP[-1]
You lost 1 mp, and now have 2/6 mp.
You start resting.
HP[+11] MP[+4]
You regained 11 hp, and now have 20/21 hp.
Your mp is fully restored (6).
Found a stone staircase leading down.
e - 3 dark potions (gained 1)
A kobold comes into view. It is wielding a +0 short sword.
HP[+1]
Your hp is fully restored (21).
A kobold is nearby!
An endoplasm comes into view.
The helpless kobold fails to defend itself.
You slash the kobold!
You kill the kobold!
The helpless endoplasm fails to defend itself.
You hit the endoplasm. The endoplasm hits you.
HP[-3]
You take 3 damage, and now have 18/21 hp.
You hit the endoplasm but do no damage. The endoplasm completely misses you.
HP[+1]
You completely miss the endoplasm. You squeeze the endoplasm.
You kill the endoplasm!
No target in view!
No target in view!
No target in view!
You open the door.
Natasha, Servant of Life and Death comes into view.
HP[+2]
Your hp is fully restored (21).
There is an open door here.
Natasha hisses angrily.
Natasha casts a spell at you.
You feel yourself slow down.
There is an open door here.
Natasha howls an incantation.
You feel disoriented.
You close the door.
Natasha opens the door.
Natasha casts a spell.
Natasha mumbles some strange words.
The white imp hits you. The white imp freezes you.
HP[-6]
You take 6 damage, and now have 15/21 hp.
MASSIVE DAMAGE!! (PAUSE)
The white imp attacks as you move away! The white imp hits you.
The white imp freezes you.
* * * LOW HITPOINT WARNING * * *
The white imp gestures at you. The puff of frost hits you!
You die...

Skill      XL: |  1  2  3 |
---------------+----------+-----
Stealth        | 3 4 |  4.1
Poison Magic   | 4 |  4.5
Dodging        | |  2.0
Spellcasting   | |  2.0
Transmutations | |  1.0

Action                   || total
-------------------------++-------
Melee: Hand axe          ||    51
       Unarmed           ||     7
       Constrict         ||    18
       Tentacles         ||     9
 Cast: Sting             ||    20
 Stab: Sleeping          ||     9
Armor: Skin              ||     9
Dodge: Dodged            ||    53

Levels and vault maps discovered:
D:1:      sevenhm_arrival_forest_fort_large_1, layout_rooms, serial_shops, shop,
          shop, shop, minmay_misc_feat_secret_circle
D:2:      layout_loops_ring, hellmonk_ecumenical_altar_arch_garden, basic_altar,
          kennysheep_another_room, uniq_natasha, uniq_terence, uniq_robin

Notes
Turn   | Place    | Note
-------+----------+-------------------------------------------
     0 | D:1      | zeratav the Octopode Venom Mage began the quest for the
                  | Orb.
     0 | D:1      | Reached XP level 1. HP: 11/11 MP: 3/3
     0 | D:1      | magus.rc [v1.9.6]
    62 | D:1      | You add the spells Summon Forest, Eringya's Noxious Bog and
                  | Summon Hydra to your library.
   154 | D:1      | Reached skill level 3 in Stealth
   374 | D:1      | HP: 1/11 [frozen (5)]
   706 | D:1      | Reached XP level 2. HP: 17/17 MP: 5/5
   712 | D:1      | Reached skill level 4 in Poison Magic
   937 | D:1      | Found Nailadef's Magic Scroll Emporium.
  1396 | D:1      | Found Guromidd's Assorted Antiques.
  1396 | D:1      | Found Yjeogoq's Antique Weapon Emporium.
  1405 | D:1      | Reached XP level 3. HP: 21/21 MP: 6/6
  1423 | D:1      | You pick up a book of Geomancy and begin reading...
  1423 | D:1      | You add the spells Sandblast, Passwall and Stone Arrow to
                  | your library.
  1771 | D:2      | Reached skill level 4 in Stealth
  1952 | D:2      | Found a faded altar of an unknown god.
  2191 | D:2      | Noticed Natasha
  2201 | D:2      | Killed from afar by a white imp

Vanquished Creatures
  A worm (D:2)
  5 bats (D:1)
  4 endoplasms
  2 goblins
  3 jackals (D:1)
  6 kobolds
  2 ball pythons (D:1)
  3 frilled lizards
  7 rats
33 creatures vanquished.

Table legend:
 A = Non-vault XP
 B = Vault XP
 C = Vault XP percentage of total XP
 D = Non-vault monster count
 E = Vault monster count
 F = Vault count percentage of total count
                 A         B        C        D         E       F
            +---------+---------+-------+---------+---------+-------
      Total |      46 |       4 |   8.0 |      30 |       3 |   9.1
            +---------+---------+-------+---------+---------+-------
        D:1 |      32 |       4 |  11.1 |      22 |       3 |  12.0
        D:2 |      14 |       0 |   0.0 |       8 |       0 |   0.0
            +---------+---------+-------+---------+---------+-------

Illustrated notes

Table legend:
 A = Kills in this place as a percentage of kills in entire the game.
 B = Kills by you in this place as a percentage of kills by you in the entire game.
 C = Kills by friends in this place as a percentage of kills by friends in the entire game.
 D = Other kills in this place as a percentage of other kills in the entire game.
 E = Experience gained in this place as a percentage of experience gained in the entire game.
 F = Experience gained in this place divided by the number of levels of this place that you have seen.
                   A       B       C       D       E      F
               +-------+-------+-------+-------+-------+----------------------
         Total | 100.0 | 100.0 |   N/A |   N/A | 100.0 |  25.0
       Dungeon | 100.0 | 100.0 |   N/A |   N/A | 100.0 |  25.0
               +-------+-------+-------+-------+-------+----------------------

Table legend: (Time is in decaauts)
 A = Elapsed time spent in this place.
 B = Non-inter-level travel time spent in this place.
 C = Inter-level travel time spent in this place.
 D = Time resting spent in this place.
 E = Time spent auto-exploring this place.
 F = Levels seen in this place.
 G = Mean time per level.
                   A        B        C        D        E       F      G
               +--------+--------+--------+--------+--------+-----+--------+
         Total |   2219 |   2186 |     33 |    309 |   1623 |   2 | 1109.5 |
       Dungeon |   2219 |   2186 |     33 |    309 |   1623 |   2 | 1109.5 |
               +--------+--------+--------+--------+--------+-----+--------+

Top non-repeatable levels by time:
     D:1: 1738 daAuts
     D:2: 480 daAuts
